 Dungeon Crawl Stone Soup version 0.19-a0-1051-gdb7e7f8 (webtiles) character file.

354 Jmtri7 the Changer (level 6, -4/38 HPs)
             Began as an Octopode Transmuter on Aug 2, 2016.
             Slain by an orc
             ... wielding a +2 flail of crushing
              (8 damage)
             ... on level 4 of the Dungeon.
             The game lasted 00:08:30 (3393 turns).

Jmtri7 the Changer (Octopode Transmuter)            Turns: 3393, Time: 00:08:31

Health: -4/38      AC:  1    Str: 11    XL:     6   Next: 62%
Magic:  9/9        EV:  8    Int: 16    God:
Gold:   121        SH:  9    Dex: 12    Spells: 2 memorised, 3 levels left

rFire  . . .     SeeInvis .       - Unarmed
rCold  . . .     Gourm    .     D - +0 large shield
rNeg   . . .     Faith    .     (helmet restricted)
rPois  .         Spirit   .     (no amulet)
rElec  .         Dismiss  .     s - ring of flight
rCorr  .         Reflect  .     y - ring of wizardry
SustAt .         Harm     .     (no ring)
MR     .....                    (no ring)
Stlth  ++........               (no ring)
                                (no ring)
                                (no ring)
                                (no ring)

@: appendage (expiring), not resistant to hostile enchantments, unstealthy
A: almost no armour, amphibious, 8 rings, constrict 8, tentacle spike 3,
camouflage 1, gelatinous body 1
a: End Transformation, Evoke Flight


You were on level 4 of the Dungeon.
You were not hungry.
One of your tentacles had a temporary spike.
You visited 1 branch of the dungeon, and saw 4 of its levels.

You collected 121 gold pieces.

Inventory:

Missiles
 a - 56 arrows
Armour
 D - a +0 large shield (worn)
Jewellery
 s - a ring of flight (left tentacle)
 y - a ring of wizardry (right tentacle)
Scrolls
 d - 2 scrolls of teleportation {unknown}
 g - a scroll of enchant armour {unknown}
 h - 2 scrolls of identify {unknown}
 j - a scroll of random uselessness {unknown}
 l - 5 scrolls of remove curse {unknown}
 o - 2 scrolls of fear {unknown}
 p - a scroll of noise {unknown}
 r - a scroll of recharging {unknown}
 u - a scroll of immolation {unknown}
 B - a scroll of blinking {unknown}
 C - a scroll of enchant weapon {unknown}
Potions
 e - 2 potions of agility {unknown}
 f - 3 potions of haste {unknown}
 i - a potion of ambrosia {unknown}
 k - a potion of lignification {unknown}
 m - a potion of degeneration {unknown}
 q - 2 potions of magic {unknown}
 w - a potion of curing {unknown}
 x - 3 potions of resistance {unknown}
 z - a potion of mutation {unknown}
 A - a potion of berserk rage {unknown}
Books
 b - a book of Changes

   Spells                             Type                      Level
   a - Beastly Appendage              Transmutation                1
   b - Sticks to Snakes               Transmutation                2
   c - Spider Form                    Transmutation/Poison         3
   d - Ice Form                       Ice/Transmutation            4
   e - Blade Hands                    Transmutation                5
Comestibles
 c - 9 bread rations
 n - 2 meat rations
 t - 2 fruits
 v - a beef jerky


   Skills:
 - Level 1.0 Fighting
 - Level 2.0 Dodging
 - Level 4.2 Unarmed Combat
 - Level 2.0 Spellcasting
 + Level 6.1 Transmutations


You had 3 spell levels left.
You knew the following spells:

 Your Spells              Type           Power        Failure   Level  Hunger
a - Beastly Appendage     Tmut           ###...       21%         1    #......
b - Blade Hands           Tmut           ###.......   100%        5    ######.


Dungeon Overview and Level Annotations

Branches:
Dungeon (4/15)
 Temple: D:4-7

Altars:
Elyvilon
Hepliaklqana
Kikubaaqudgha
Qazlal
Ru


Innate Abilities, Weirdness & Mutations

You cannot wear most types of armour.
You are amphibious.
You can wear up to eight rings at the same time.
You can use your tentacles to constrict eight enemies at once.
Your skin changes colour to match your surroundings (Stealth+).
Your rubbery body absorbs attacks. (AC +1, EV +1)
One of your tentacles bears a large vicious spike.


Message History

You kill the orc!
The orc hits you with a short sword.
* * * LOW HITPOINT WARNING * * *
You closely miss the orc. You grab the orc.
You pierce the orc.
The orc is moderately wounded.
You constrict the orc. You block the orc's attack.
You tentacle-slap the orc but do no damage.
You pierce the orc, but do no damage.
You tentacle-slap the orc.
The orc is severely wounded.
You constrict the orc.
You kill the orc!
You tentacle-slap the quokka skeleton. Your grab misses the quokka skeleton.
Your tentacle-slap misses the quokka skeleton.
You squeeze the quokka skeleton.
You destroy the quokka skeleton!
You closely miss the orc. You grab the orc.
You pierce the orc, but do no damage.
You constrict the orc, but do no damage.
The orc hits you with a flail of crushing!
You die...

##.# # ..#.#
..## ##...# #
. ....###....#
.# ... .
.........#
#.##..[ ...
$......#
#.....>
.....####....#
.......
.....Zo@.....#
.......
.....#####...#
....... ...
##..###
..........
#..## .<......
##.## ##.....#
#..# .......#
#..#
###.#..####
###.###
###.......#
#.._..#


You could see an orc and a water moccasin zombie.

Vanquished Creatures
  An orc warrior (D:4)
  2 giant frog skeletons (D:4)
  An iguana (D:4)
  2 worker ants
  4 adders
  A gnoll (D:1)
  An ooze (D:2)
  A worm (D:2)
  3 dart slugs
  5 giant geckos
  7 orcs
  A ball python (D:2)
  10 goblins
  5 hobgoblins
  6 kobolds
  A quokka (D:3)
  4 bats
  3 giant cockroaches
  7 giant newts
  A quokka skeleton (D:4)
  7 rats
73 creatures vanquished.

Notes
Turn   | Place    | Note
-------+----------+-------------------------------------------
     0 | D:1      | Jmtri7 the Octopode Transmuter began the quest for the Orb.
     0 | D:1      | Reached XP level 1. HP: 13/13 MP: 3/3
   430 | D:1      | Reached skill level 3 in Transmutations
   430 | D:1      | Reached XP level 2. HP: 15/18 MP: 5/5
   894 | D:2      | Reached XP level 3. HP: 22/23 MP: 6/6
  1335 | D:2      | Reached skill level 4 in Transmutations
  1592 | D:2      | Reached XP level 4. HP: 27/28 MP: 7/7
  1734 | D:2      | Found a white marble altar of Elyvilon.
  2267 | D:3      | Reached XP level 5. HP: 13/33 MP: 8/8
  2277 | D:3      | Learned a level 5 spell: Blade Hands
  2482 | D:3      | Found a sacrificial altar of Ru.
  3019 | D:4      | Found a hazy altar of Hepliaklqana.
  3048 | D:4      | Found a stormy altar of Qazlal.
  3074 | D:4      | Reached skill level 5 in Transmutations
  3313 | D:4      | Reached XP level 6. HP: 34/38 MP: 9/9
  3362 | D:4      | Found an ancient bone altar of Kikubaaqudgha.
  3376 | D:4      | Noticed an orc warrior
  3387 | D:4      | Killed an orc warrior
  3387 | D:4      | Reached skill level 6 in Transmutations
  3393 | D:4      | Slain by an orc

Vault maps used:
D:1:      dpeg_arrival_pond
D:2:      nicolae_overflow_hidden_temple
D:3:      hangedman_ru_absence
D:4:      nicolae_qazlal_style_of_elements, old_standard_altar,
          lemuel_crystal_altar

Skill      XL: |  1  2  3  4  5  6 |
---------------+-------------------+-----
Transmutations | 3 4 5 6 |  6.1
Unarmed Combat | 4 |  4.2
Fighting       | |  1.0
Dodging        | |  2.0
Spellcasting   | |  2.0

Action                   |  1- 3 |  4- 6 || total
-------------------------+-------+-------++-------
Melee: Unarmed           |    67 |   116 ||   183
       Constrict         |    18 |    30 ||    48
       Tentacles         |    15 |    23 ||    38
       Punch             |     2 |     3 ||     5
       Kick              |       |    10 ||    10
 Cast: Beastly Appendage |       |     3 ||     3
 Stab: Sleeping          |     7 |     3 ||    10
  Eat: Chunk             |     2 |     6 ||     8
Armor: Skin              |     5 |     2 ||     7
Dodge: Dodged            |    36 |    54 ||    90
Block: Large shield      |       |     6 ||     6
